 Dungeon Crawl Stone Soup version 0.30-a0-364-gf6b3ef1049 (webtiles) character file.

Game seed: 8174044764820044137

86 RascalDebosk the Magician (level 4, -4/31 HPs)
             Began as a Djinni Air Elementalist on Nov 15, 2022.
             Slain by Terence
             ... wielding a +0 mace of protection
              (7 damage)
             ... on level 2 of the Dungeon.
             The game lasted 00:14:47 (1364 turns).

RascalDebosk the Magician (Djinni Air Elementalist) Turns: 1364, Time: 00:14:49

Health: -4/31      AC:  2    Str:  7    XL:     4   Next: 77%
Gold:   129        EV: 12    Int: 18    God:
                   SH:  0    Dex: 14

rFire   + + +      SeeInvis .    s - +0 dagger
rCold   x . .      Faith    .    (no shield)
rNeg    . . .      Spirit   .    a - +0 robe
rPois   ∞          Reflect  .    (no helmet)
rElec   .          Harm     .    (no cloak)
rCorr   +          Rampage  .    (no gloves)
Will    .....                    (boots unavailable)
Stlth   ++........               (no amulet)
HPRegen 0.25/turn                k - ring of resist corrosion
MPRegen 0.00/turn                m - ring of protection from fire

@: sluggish, flying, very slow
A: sickness immunity, fire resistance 2, cold vulnerability 1, float, innate
caster, HP casting, extra vitality 1
a: no special abilities


You were on level 2 of the Dungeon.
You visited 1 branch of the dungeon, and saw 2 of its levels.

You collected 129 gold pieces.

Inventory:

Hand Weapons
 s - a +0 dagger (weapon)
Armour
 a - a +0 robe (worn)
Jewellery
 k - a ring of resist corrosion (left hand)
 m - a ring of protection from fire (right hand)
Scrolls
 b - a scroll of torment {unknown}
 c - a scroll of noise {unknown}
 e - 2 scrolls of identify {unknown}
 g - a scroll of enchant weapon {unknown}
 h - a scroll of teleportation {unknown}
 i - a scroll of summoning {unknown}
 n - a scroll of blinking {unknown}
Potions
 d - 2 potions of attraction {unknown}
 f - a potion of curing {unknown}
 j - a potion of invisibility {unknown}
 l - a potion of haste {unknown}


   Skills:
 - Level 2.1 Dodging
 - Level 1.5 Stealth
 + Level 4.0 Spellcasting


You couldn't memorise any spells.
You knew the following spells:

 Your Spells              Type           Power      Damage    Failure   Level
a - Shock                 Conj/Air       72%        1d7       2%          1
b - Static Discharge      Conj/Air       36%        2-4/arc   4%          2
c - Swiftness             Air            18%        N/A       9%          3
d - Airstrike             Air            9%         2d(2-18)  28%         4
e - Sting                 Tmut/Pois      72%        1d6       2%          1
Your spell library was empty.

Dungeon Overview and Level Annotations

Branches:
Dungeon (2/15)

Altars:

Annotations:
D:2 Terence


Innate Abilities, Weirdness & Mutations

You are immune to sickness and miasma.
You are immune to poison.
Your flesh is very heat resistant. (rF++)
You are vulnerable to cold. (rC-)
You float through the air rather than walking.
You learn spells naturally, not from books.
Your magical power is your life essence.
You have superior vitality. (+4 MHP)


Message History

Terence and an adder come into view.
Terence is wielding a +0 mace of protection and wearing a +2 chain mail of fire resistance.
Casting: Shock (safe; 3% risk of failure)
Confirm with . or Enter, or press ? or * to list all spells.
The spell is extremely dangerous to miscast (28% risk of failure)!
Continue anyway?
Aiming: Airstrike (extremely dangerous; 28% risk of failure)
Press: ? - help, Dir - move target, f - Terence
Aim: Terence, wielding a +0 mace of protection and wearing a +2 chain mail of fire resistance (asleep, empty space bonus: 8/8)
You miscast Airstrike.
You are very lightly contaminated with residual magic.
You feel a sudden electric shock!
The adder hisses angrily.
Terence bares his teeth.
Casting: Airstrike (extremely dangerous; 28% risk of failure)
Confirm with . or Enter, or press ? or * to list all spells.
The spell is extremely dangerous to miscast (28% risk of failure)!
Continue anyway?
Aiming: Airstrike (extremely dangerous; 28% risk of failure)
Press: ? - help, Dir - move target, f/p - Terence
Aim: Terence, wielding a +0 mace of protection and wearing a +2 chain mail of fire resistance (empty space bonus: 8/8)
The air twists around and strikes Terence!
Terence is severely wounded.
* * * LOW HITPOINT WARNING * * *
Casting: Airstrike (extremely dangerous; 28% risk of failure)
Confirm with . or Enter, or press ? or * to list all spells.
The adder is struck by an arc of lightning.
The adder is moderately wounded.
You are struck by an arc of lightning.
* * * LOW HITPOINT WARNING * * *
The lightning grounds out.
* * * LOW HITPOINT WARNING * * *
The adder barely misses you. The adder bites you but does no damage.
The adder attacks as you move away! The adder bites you.
* * * LOW HITPOINT WARNING * * *
The adder attacks as you move away! The adder barely misses you.
The adder closely misses you. The adder attacks as you move away!
The adder closely misses you. The adder barely misses you.
Your magical contamination has completely faded away.
The adder misses you.
Casting: Static Discharge (safe; 4% risk of failure)
Confirm with . or Enter, or press ? or * to list all spells.
The spell is quite dangerous to miscast (9% risk of failure)!
Continue anyway?
You feel quick.
* * * LOW HITPOINT WARNING * * *
Terence says, "Don't bother to defend, it's senseless."
The adder closely misses you.
Terence screams, "I'm going to kill you!"
The adder attacks as you move away! The adder bites you.
* * * LOW HITPOINT WARNING * * *
Terence screams, "I'm going to kill you!"
You start to feel a little slower.
The adder attacks as you move away! The adder bites you but does no damage.
You feel sluggish. The adder bites you but does no damage.
The adder attacks as you move away! The adder completely misses you.
The adder misses you. The adder barely misses you. The adder bites you.
* * * LOW HITPOINT WARNING * * *
Casting: Swiftness (quite dangerous; 9% risk of failure)
Confirm with . or Enter, or press ? or * to list all spells.
The adder is struck by an arc of lightning.
The adder is heavily wounded.
You are struck by an arc of lightning.
* * * LOW HITPOINT WARNING * * *
The adder is struck by an arc of lightning.
The adder is severely wounded.
You are struck by an arc of lightning.
* * * LOW HITPOINT WARNING * * *
The lightning grounds out.
* * * LOW HITPOINT WARNING * * *
The adder closely misses you.
You miss the adder.
The adder is severely wounded.
The adder barely misses you.
You barely miss the adder.
The adder is severely wounded.
The adder closely misses you. The adder barely misses you.
You hit the adder.
The adder is almost dead.
You start to feel a little faster.
The adder closely misses you.
You miss the adder.
The adder is almost dead.
The adder barely misses you.
You closely miss the adder.
The adder is almost dead.
The adder closely misses you.
You closely miss the adder.
The adder is almost dead.
The adder barely misses you. The adder bites you.
* * * LOW HITPOINT WARNING * * *
You hit the adder.
You kill the adder!
Your Spellcasting skill increases to level 4!
You closely miss Terence.
Terence is heavily wounded.
Terence hits you with a +0 mace of protection!
You die...

.#######.# #........#
#..# ##.#########.## #..#
#...###...##.# #..#
#.......#.##.# #..#
#.>.###...##.# #..#
########.###.# #..#
#.......#
#..###########..#.##.####
#.†....@@....#...........
##.#########....#...#..#.
#.# ###..#.(.#..#.
#.####### #..#...#..#.
#.....@.# #(....._....
#######.# ##.)........
#.# #.#......#. #.#
#.#......#. #@#
#.#......#.


You could see Terence.

Vanquished Creatures
  Natasha (D:2)
  2 adders (D:2)
  A worm (D:2)
  3 dart slugs
  3 ball pythons
  5 bats
  4 endoplasms
  3 goblins (D:1)
  2 hobgoblins (D:1)
  5 kobolds
  6 rats
35 creatures vanquished.

Notes
Turn   | Place    | Note
-------+----------+-------------------------------------------
     0 | D:1      | RascalDebosk the Djinni Air Elementalist began the quest
                  | for the Orb.
     0 | D:1      | RascalDebosk set off with the following spells memorised:
                  | Shock, Static Discharge, Swiftness, Airstrike.
     0 | D:1      | Reached XP level 1. HP: 15/15 MP: 0/0
    74 | D:1      | Reached XP level 2. HP: 17/21 MP: 0/0
   273 | D:1      | Reached skill level 3 in Spellcasting
   635 | D:1      | Reached XP level 3. HP: 25/25 MP: 0/0
   635 | D:1      | Learned a level 1 spell: Sting
   989 | D:2      | Found a faded altar of an unknown god.
  1052 | D:2      | Reached XP level 4. HP: 29/31 MP: 0/0
  1112 | D:2      | Noticed Natasha
  1117 | D:2      | Killed Natasha
  1314 | D:2      | Noticed Terence
  1364 | D:2      | Reached skill level 4 in Spellcasting
  1364 | D:2      | Slain by Terence

Illustrated notes

Levels and vault maps discovered:
D:1:      shiori_arrival_oz, layout_basic
D:2:      layout_loops_ring, hellmonk_ecumenical_altar_lost_god,
          minmay_pentomino_pile, uniq_natasha, uniq_terence

Skill      XL: |  1  2  3  4 |
---------------+-------------+-----
Spellcasting   | 3 4 |  4.0
Dodging        | |  2.1
Stealth        | |  1.5

Action                   |  1- 3 |  4- 6 || total
-------------------------+-------+-------++-------
Melee: Unarmed           |     1 |       ||     1
       Dagger            |     1 |     8 ||     9
 Cast: Shock             |    56 |     7 ||    63
       Swiftness         |     1 |     1 ||     2
       Sting             |       |     2 ||     2
       Static Discharge  |       |     2 ||     2
       Airstrike         |       |     1 ||     1
Armor: Robe              |       |     3 ||     3
Dodge: Dodged            |     4 |    18 ||    22

Table legend: (Time is in decaauts)
 A = Elapsed time spent in this place.
 B = Non-inter-level travel time spent in this place.
 C = Inter-level travel time spent in this place.
 D = Time resting spent in this place.
 E = Time spent auto-exploring this place.
 F = Levels seen in this place.
 G = Mean time per level.
                   A        B        C        D        E       F      G
               +--------+--------+--------+--------+--------+-----+--------+
         Total |   1357 |   1316 |     41 |     79 |    973 |   2 |  678.5 |
       Dungeon |   1357 |   1316 |     41 |     79 |    973 |   2 |  678.5 |
               +--------+--------+--------+--------+--------+-----+--------+

Top non-repeatable levels by time:
     D:1: 799 daAuts
     D:2: 557 daAuts
